 Dungeon Crawl Stone Soup version 0.27.0-1-g7a089689b8 (webtiles) character file.

Game seed: 14499870043062407341

18 Spectrina the Magician (level 2, -2/21 HPs)
             Began as a Djinni Necromancer on Aug 17, 2021.
             Slain by a gnoll (5 damage)
             ... on level 1 of the Dungeon.
             The game lasted 00:05:58 (676 turns).

Spectrina the Magician (Djinni Necromancer)          Turns: 676, Time: 00:05:58

Health: -2/21      AC:  3    Str:  6 (7)  XL:     2   Next: 85%
Gold:   16         EV: 12    Int: 15 (16) God:
                   SH:  0    Dex: 11 (13)

rFire    + + .     SeeInvis .   f - +0 dagger
rCold    x . .     Faith    .   (no shield)
rNeg     . . .     Spirit   .   a - +0 robe
rPois    ∞         Reflect  .   (no helmet)
rElec    .         Harm     .   (no cloak)
rCorr    .         Rampage  .   b - +0 pair of gloves
Will     .....                  (boots unavailable)
Stlth    ++........             (no amulet)
HPRegen  0.07/turn              (no ring)
MPRegen  0.00/turn              (no ring)

@: mighty, flying
A: sickness immunity, fire resistance 2, cold vulnerability 1, float, innate
caster, hp casting, extra vitality 1
a: no special abilities


You were on level 1 of the Dungeon.
You visited 1 branch of the dungeon, and saw 3 of its levels.

You collected 16 gold pieces.

Inventory:

Hand Weapons
 f - a +0 dagger (weapon)
 h - a +2 hand axe of freezing
Missiles
 c - 34 arrows
 d - 14 poisoned darts (quivered)
 g - 60 stones
 j - 12 sling bullets
 m - 22 bolts
Armour
 a - a +0 robe (worn)
 b - a +0 pair of gloves (worn)
Scrolls
 e - a scroll of fear {unknown}
 k - a scroll of identify {unknown}
Potions
 i - a potion of might


   Skills:
 - Level 2.1 Dodging
 - Level 1.5 Stealth
 + Level 3.8 Spellcasting


You couldn't memorise any spells.
You knew the following spells:

 Your Spells              Type           Power      Damage    Failure   Level
a - Pain                  Necr           56%        1d6       3%          1
b - Animate Skeleton      Necr           28%        N/A       3%          1
c - Vampiric Draining     Necr           7%         2d7       12%         3
d - Animate Dead          Necr           7%         N/A       36%         4
e - Agony                 Necr           14%        N/A       71%         5
Your spell library was empty.

Dungeon Overview and Level Annotations

Branches:
Dungeon (3/15)

Altars:
Elyvilon


Innate Abilities, Weirdness & Mutations

You are immune to sickness and miasma.
You are immune to poison.
Your flesh is very heat resistant. (rF++)
You are vulnerable to cold. (rC-)
You float through the air rather than walking.
You learn spells naturally, not from books.
Your magical power is your life essence.
You have superior vitality. (+4 HP)


Message History

* * * LOW HITPOINT WARNING * * *
Unknown command.
You hit the jackal but do no damage.
The jackal is severely wounded.
The jackal barely misses you. x2
Casting: Pain (safe; 3% risk of failure)
Confirm with . or Enter, or press ? or * to list all spells.
Aiming: Pain (safe; 3% risk of failure)
Press: ? - help, Shift-Dir - straight line, f/p - jackal
Aim: a jackal (severely wounded, chance to affect: 85%)
The jackal writhes in agony.
* * * LOW HITPOINT WARNING * * *
The jackal bites you.
* * * LOW HITPOINT WARNING * * *
Unknown command.
The jackal bites you but does no damage.
It was a potion of might.
You feel very mighty all of a sudden. The jackal barely misses you.
The jackal barely misses you.
It was a potion of flight.
You feel more buoyant. The jackal bites you.
* * * LOW HITPOINT WARNING * * *
The gnoll barely misses you.
Unknown command.
The jackal bites you but does no damage.
It was a potion of degeneration.
There was something very wrong with that liquid.
You feel weakened.
You feel dopey.
You feel clumsy.
The jackal bites you but does no damage.
The gnoll barely misses you.
Unknown command.
The jackal bites you but does no damage.
Okay, then.
You closely miss the jackal.
The jackal is severely wounded.
The jackal barely misses you.
The gnoll hits you from afar with a +0 spear.
You die...

#.... ..... #.
#.#####..... ..
.....#...... ..
#.##........
.##.##........
)#.##........
..##@#.....
#.##h#...
#g##g#.#
#.#....#####.
#...#........
###.....######.
##..>........# ##
.......#.######.#
#. ######.#.# #.#
#.


You could see a gnoll and a jackal.

Vanquished Creatures
  A worm (D:2)
  An endoplasm (D:1)
  A goblin (D:3)
  2 hobgoblins
  A jackal (D:1)
  A quokka (D:2)
  2 ball pythons (D:2)
  A bat (D:1)
  3 kobolds (D:1)
  2 rats
15 creatures vanquished.

Notes
Turn   | Place    | Note
-------+----------+-------------------------------------------
     0 | D:1      | Spectrina the Djinni Necromancer began the quest for the
                  | Orb.
     0 | D:1      | Reached XP level 1. HP: 15/15 MP: 0/0
   258 | D:2      | Reached XP level 2. HP: 2/21 MP: 0/0
   541 | D:2      | Found a white marble altar of Elyvilon.
   676 | D:1      | Slain by a gnoll

Illustrated notes

Levels and vault maps discovered:
D:1:      minmay_arrival_three_doors, layout_loops_ring,
          ebering_ecumenical_altar_sacrificial, minmay_tripent
D:2:      layout_loops_ring, basic_altar
D:3:      layout_loops_ring, lemuel_crystal_altar, mainiacjoe_overflow_24_doors,
          serial_rivers, chequers_serial_rivers_large_b,
          chequers_serial_rivers_room_a, chequers_serial_rivers_room_b,
          chequers_serial_rivers_small_b, chequers_serial_rivers_micro_b,
          chequers_serial_rivers_small_b, minmay_distorted

Action                   || total
-------------------------++-------
Melee: Dagger            ||    18
Throw: Dart              ||    25
 Cast: Pain              ||    21
  Use: Potion            ||     3
Armor: Robe              ||     6
Dodge: Dodged            ||    16
